 Dungeon Crawl Stone Soup version 0.13.1-25-g341c717 (webtiles) character file.

620 Chiseanne the Digger (level 6, -4/50 HPs)
             Began as a Deep Dwarf Earth Elementalist on Jan 19, 2014.
             Slain by an ogre
             ... wielding a +0,+0 giant club
              (18 damage)
             ... on Level 5 of the Dungeon.
             The game lasted 00:15:31 (3357 turns).

Chiseanne the Digger (DDEE)                         Turns: 3357, Time: 00:15:31

HP  -4/50        AC  9     Str 12      XL: 6   Next: 95%
MP  11/11        EV  3     Int 17      God:
Gold 119         SH 22     Dex 13      Spells:  3 memorised,  3 levels left

Res.Fire  : + . .   See Invis. : .   j - +2,+4 elf whip (venom)
Res.Cold  : . . .   Warding    : +   e - +2 scale mail {rF+}
Life Prot.: + . .   Conserve   : .   u - +0 large shield (curse)
Res.Poison: .       Res.Corr.  : .   n - +0 orc helmet
Res.Elec. : .       Clarity    : .   (no cloak)
Sust.Abil.: . .     Spirit.Shd : .   (no gloves)
Res.Mut.  : .       Stasis     : .   (no boots)
Res.Rott. : .       Flight     : .   g - amulet of warding
Saprovore : . . .                    (no ring)
                                     (no ring)

@: non-regenerating, somewhat resistant to hostile enchantments, extremely
unstealthy
A: damage resistance, recharge devices, sense surroundings 1, slow healing 3
a: Device Recharging


You were on level 5 of the Dungeon.
You were hungry.

You visited 1 branch of the dungeon, and saw 5 of its levels.

You collected 99 gold pieces.

Inventory:

Hand weapons
 j - a +2,+4 elven whip of venom (weapon)
 l - a +4,+0 dagger of venom
 w - a +4,+1 sabre of speed
 x - a +0 blowgun
Missiles
 b - 140 stones (quivered)
 o - 2 darts of frost
Armour
 e - a +2 scale mail of fire resistance (worn)
 n - a +0 orcish helmet (worn)
 r - a +2 orcish scale mail of cold resistance
 u - a cursed +0 large shield (worn)
Magical devices
 a - a wand of heal wounds (0)
Comestibles
 f - 2 bread rations
 i - 3 pears
 m - an apple
 p - a snozzcumber
Scrolls
 k - 3 scrolls of identify
 q - a scroll of remove curse
 s - 2 scrolls of teleportation
Jewellery
 g - an amulet of warding (around neck)
Potions
 c - a potion of curing
 h - 2 potions of restore abilities
 v - a potion of agility
Books
 d - a book of Geomancy

   Spells                             Type                      Level
   *Sandblast                         Earth                        1
   *Stoneskin                         Transmutation/Earth          2
   Passwall                           Transmutation/Earth          3
   *Stone Arrow                       Conjuration/Earth            3
   Petrify                            Transmutation/Earth          4
   Lee's Rapid Deconstruction         Earth                        5


   Skills:
 * Level 1.5 Fighting
 * Level 1.5 Maces & Flails
 * Level 2.3 Armour
 * Level 4.6 Dodging
 - Level 2.4 Stealth
 * Level 1.3 Shields
 * Level 2.3 Spellcasting
 - Level 0.8 Transmutations
 * Level 5.5 Earth Magic
 * Level 3.2 Evocations


You had 3 spell levels left.
You knew the following spells:

 Your Spells              Type           Power        Failure   Level  Hunger
a - Sandblast             Erth           ###...       100%        1    #......
b - Stone Arrow           Conj/Erth      ##....       100%        3    ####...
c - Stoneskin             Trmt/Erth      ##........   100%        2    ##.....


Dungeon Overview and Level Annotations

Branches:
Dungeon (5/27)
 Temple: D:4-7

Altars:
Fedhas
Okawaru
Xom


Innate Abilities, Weirdness & Mutations

You are resistant to damage.
You can recharge devices by infusing magical energy.
You passively map a small area around you.
You do not heal naturally.


Message History

Evoke which item? (* to show all) (? for menu, Esc to quit)
Okay, then.
Read which item? (? for menu, Esc to quit)
Okay, then.
Casting: Stone Arrow
Confirm with . or Enter, or press ? or * to list all spells.
Okay, then.
A giant gecko comes into view.
The giant gecko hisses menacingly.
You whack the ogre!
The ogre is poisoned.
The ogre is moderately wounded.
The ogre hits you with a giant club!
* * * LOW HITPOINT WARNING * * *
Your scale mail prevents you from hitting the ogre.
The ogre is moderately wounded.
You block the ogre's attack.
You whack the ogre!
The ogre is severely wounded.
The giant gecko bites you. The ogre hits you with a giant club!
You die...

* ** , ########
* ..#*
###......# ,
......#l.......#
.......O@......#
...###+###.....#
, , #.....####
*,**#..........
, * , ,
+.<...####
#..#### ** #..#
* ** #..# * ...#
* *


You could see an ogre and a giant gecko.

Vanquished Creatures
  Eustachio (D:4)
  An orc priest (D:4)
  A scorpion (D:4)
  2 hounds (D:4)
  2 iguanas (D:4)
  An orc wizard (D:3)
  Terence (D:2)
  3 green rats (D:4)
  8 adders
  A worm (D:3)
  3 grey rats (D:4)
  2 giant geckos
  An ooze (D:4)
  8 orcs
  A ball python (D:1)
  7 bats
  A bat skeleton (D:4)
  6 giant cockroaches
  9 goblins
  7 hobgoblins
  8 jackals (D:3)
  4 quokkas
  4 training dummies (D:3)
  3 giant newts
  A goblin skeleton (D:4)
  8 kobolds
  6 rats
100 creatures vanquished.

Vanquished Creatures (others)
  A quokka (D:4)
  A bat (D:4)
2 creatures vanquished.

Grand Total: 102 creatures vanquished

Notes
Turn   | Place    | Note
--------------------------------------------------------------
     0 | D:1      | Chiseanne, the Deep Dwarf Earth Elementalist, began the quest for the Orb.
     0 | D:1      | Reached XP level 1. HP: 15/15 MP: 3/3
   676 | D:1      | Reached skill level 1 in Evocations
   721 | D:1      | Reached XP level 2. HP: 14/22 MP: 1/4
  1017 | D:2      | HP: 1/22 [kobold/elven whip of venom (6)]
  1160 | D:2      | Reached XP level 3. HP: 28/28 MP: 6/6
  1370 | D:2      | Learned a level 3 spell: Stone Arrow
  1582 | D:2      | Noticed Terence
  1595 | D:2      | Killed Terence
  1742 | D:3      | Found an iron altar of Okawaru.
  1850 | D:3      | Reached XP level 4. HP: 36/36 MP: 7/7
  2011 | D:3      | Reached skill level 1 in Fighting
  2256 | D:3      | Reached skill level 5 in Earth Magic
  2289 | D:3      | Learned a level 2 spell: Stoneskin
  2375 | D:3      | Reached XP level 5. HP: 24/42 MP: 9/9
  2527 | D:4      | Found a shimmering altar of Xom.
  2537 | D:4      | Found a shimmering altar of Xom.
  2559 | D:4      | Found a blossoming altar of Fedhas.
  2624 | D:4      | Reached skill level 1 in Armour
  2816 | D:4      | Noticed Eustachio
  2834 | D:4      | Reached XP level 6. HP: 15/49 MP: 11/11
  2839 | D:4      | Reached skill level 1 in Maces & Flails
  2885 | D:4      | Killed Eustachio
  2885 | D:4      | Reached skill level 1 in Shields
  3241 | D:4      | Paralysed by a potion of paralysis for 2 turns
  3343 | D:5      | Entered Level 5 of the Dungeon
  3357 | D:5      | Slain by an ogre

Action                   |  1- 3 |  4- 6 || total
-------------------------+-------+-------++-------
Melee: Hand axe          |    63 |       ||    63
       Unarmed           |     1 |       ||     1
       Whip              |    13 |   265 ||   278
Throw: Stone             |     2 |       ||     2
 Cast: Sandblast         |    26 |       ||    26
       Stone Arrow       |     1 |       ||     1
Evoke: Wand              |     2 |     3 ||     5
  Use: Scroll            |     8 |     6 ||    14
       Potion            |     7 |     2 ||     9
 Stab: Sleeping          |     2 |       ||     2
